 Dungeon Crawl Stone Soup version 0.27-a0-1137-g3ef0f4ec91 (webtiles) character file.

Game seed: 14220823233475365690

23 robertstho the Skirmisher (level 2, -1/31 HPs)
             Began as an Octopode Berserker on May 6, 2021.
             Was a Follower of Trog.
             Slain by a phantom (10 damage)
             ... on level 2 of the Dungeon.
             The game lasted 00:01:09 (879 turns).

robertstho the Skirmisher (Octopode Berserker)       Turns: 879, Time: 00:01:09

Health: -1/31      AC:  1    Str: 16    XL:     2   Next: 95%
Magic:  2/2        EV: 13    Int:  9    God:    Trog [*.....]
Gold:   119        SH:  0    Dex: 11    Spells: 1/1 levels left

rFire    . . .     SeeInvis .   g - +2 dagger (venom)
rCold    . . .     Faith    .   (no shield)
rNeg     . . .     Spirit   .   (helmet restricted)
rPois    .         Reflect  .   (no amulet)
rElec    .         Harm     .   (no ring)
rCorr    .         Rampage  .   (no ring)
Will     .....                  (no ring)
Stlth    ..........             (no ring)
HPRegen  0.10/turn              (no ring)
MPRegen  0.08/turn              (no ring)
                                (no ring)
                                (no ring)

@: berserking, very quick
A: almost no armour, amphibious, 8 rings, camouflage 1, gelatinous body 1,
(nimble swimmer 1), tentacles
a: Renounce Religion, Berserk


You were on level 2 of the Dungeon.
You worshipped Trog.
Trog was aware of your devotion.
You visited 1 branch of the dungeon, and saw 2 of its levels.

You collected 119 gold pieces.

Inventory:

Hand Weapons
 a - a +0 short sword
 g - a +2 dagger of venom (weapon)
Jewellery
 d - an amulet of regeneration
Scrolls
 b - 3 scrolls of identify {unknown}
 e - a scroll of amnesia {unknown}
Potions
 c - a potion of berserk rage {unknown}
 f - a potion of attraction {unknown}
 h - a potion of curing {unknown}


   Skills:
 * Level 3.5 Fighting
 + Level 3.2 Short Blades
 + Level 3.2 Dodging
 * Level 1.0 Stealth


You had one spell level left.
You didn't know any spells.
Your spell library was empty.

Dungeon Overview and Level Annotations

Branches:
Dungeon (2/15)

Altars:


Innate Abilities, Weirdness & Mutations

You cannot wear most types of armour.
You are amphibious.
You can wear up to eight rings at the same time.
Your skin changes colour to match your surroundings (Stealth+).
Your rubbery body absorbs attacks. (AC +1, EV +1)
((You are camouflaged near water. (Stealth+)))
You have tentacles for arms and can constrict up to eight enemies at once.


Message History

The phantom is lightly damaged.
The phantom closely misses you.
You hit the phantom.
The phantom is lightly damaged.
You closely miss the phantom.
The phantom is lightly damaged.
The phantom hits you!
You hit the phantom.
The phantom is moderately damaged.
The phantom hits you.
The phantom blinks!
You blink.
You are too injured to fight recklessly!
You are too injured to fight recklessly!
You are too injured to fight recklessly!
You are too injured to fight recklessly!
You are too injured to fight recklessly!
You are too injured to fight recklessly!
You are too injured to fight recklessly!
You are too injured to fight recklessly!
You are too injured to fight recklessly!
You are too injured to fight recklessly!
You are too injured to fight recklessly!
You are too injured to fight recklessly!
You are too injured to fight recklessly!
You are too injured to fight recklessly!
You are too injured to fight recklessly!
You are too injured to fight recklessly!
You are too injured to fight recklessly!
You are too injured to fight recklessly!
You are too injured to fight recklessly!
Unknown command.
A red film seems to cover your vision as you go berserk!
You feel yourself moving faster!
You feel mighty! The phantom hits you.
* * * LOW HITPOINT WARNING * * *
The phantom blinks!
You blink.
A frilled lizard comes into view.
You closely miss the phantom.
The phantom is moderately damaged.
The frilled lizard hisses angrily.
The phantom hits you!
You die...

#. .. #... .#
#.###.####
###.§......#
..........##.#
#####..#### #
#..#####.#
#..§§.<..#
#@######## #W#
#.# #.# #..
... ..l ....


You could see a phantom and a frilled lizard.

Vanquished Creatures
  A dart slug (D:1)
  A bat (D:1)
  4 endoplasms (D:1)
  A giant cockroach (D:1)
  4 goblins (D:1)
  A hobgoblin (D:1)
  2 jackals (D:1)
  A frilled lizard (D:1)
  2 rats (D:1)
17 creatures vanquished.

Notes
Turn   | Place    | Note
-------+----------+-------------------------------------------
     0 | D:1      | robertstho the Octopode Berserker began the quest for the
                  | Orb.
     0 | D:1      | Reached XP level 1. HP: 16/16 MP: 1/1
     8 | D:1      | Found a faded altar of an unknown god.
   115 | D:1      | Reached XP level 2. HP: 17/21 MP: 2/2
   690 | D:1      | Reached skill level 1 in Stealth
   871 | D:2      | Noticed a phantom
   879 | D:2      | Slain by a phantom

Illustrated notes

Levels and vault maps discovered:
D:1:      evilmike_arrival_plus, layout_basic,
          hellmonk_ecumenical_altar_run_dry, grunt_decor_one_mirror,
          minmay_three_crescents
D:2:      layout_loops_corners, serial_glass, glass_columns_a, glass_columns_b,
          minmay_strange_pillars, minmay_strange_pillars, feat_on_display,
          due_unseen_surprise, uniq_natasha

Skill      XL: |  1  2 |
---------------+-------+-----
Stealth        | 1 |  1.0
Fighting       | |  3.5
Short Blades   | |  3.2
Dodging        | |  3.2

Action                   || total
-------------------------++-------
Melee: Short sword       ||    29
       Constrict         ||     8
       Dagger            ||     6
       Tentacles         ||     3
Invok: Berserk           ||     2
 Stab: Sleeping          ||     2
Dodge: Dodged            ||    21

Table legend: (Time is in decaauts)
 A = Elapsed time spent in this place.
 B = Non-inter-level travel time spent in this place.
 C = Inter-level travel time spent in this place.
 D = Time resting spent in this place.
 E = Time spent auto-exploring this place.
 F = Levels seen in this place.
 G = Mean time per level.
                   A        B        C        D        E       F      G
               +--------+--------+--------+--------+--------+-----+--------+
         Total |    884 |    866 |     18 |      0 |    769 |   2 |  442.0 |
       Dungeon |    884 |    866 |     18 |      0 |    769 |   2 |  442.0 |
               +--------+--------+--------+--------+--------+-----+--------+

Top non-repeatable levels by time:
     D:1: 877 daAuts
     D:2: 7 daAuts
